 Dungeon Crawl Stone Soup version 0.27-a0-965-gbf8bb431c4 (webtiles) character file.

Game seed: 10862126315209043714

7415 dolemite99 the Covert (level 11, -4/90 HPs)
             Began as a Merfolk Monk on Apr 13, 2021.
             Was a High Priest of Kikubaaqudgha.
             Slain by Urug
             ... wielding a +7 long sword of holy wrath
              (17 damage)
             ... on level 10 of the Dungeon.
             The game lasted 00:18:21 (16246 turns).

dolemite99 the Covert (Merfolk Monk)               Turns: 16246, Time: 00:18:22

Health: -4/90      AC: 11    Str: 14    XL:     11   Next: 14%
Magic:  9/9        EV: 19    Int: 11    God:    Kikubaaqudgha [*****.]
Gold:   365        SH:  8    Dex: 28    Spells: 10/10 levels left

rFire    . . .     SeeInvis .   a - +2 trident (flame)
rCold    . . .     Faith    .   v - +2 buckler
rNeg     . . .     Spirit   .   o - +0 ring mail
rPois    .         Reflect  .   s - +0 helmet
rElec    .         Harm     .   g - +2 cloak
rCorr    .         Rampage  .   (no gloves)
Will     .....                  O - +0 pair of boots
Stlth    ++++++....             (no amulet)
HPRegen  0.25/turn              l - ring of Ownuil {Int+2 Dex+4 Slay+4 Stlth+, =R}
MPRegen  0.11/turn              M - +6 ring of dexterity

@: studying 2 skills
A: (nimble swimmer 2), mertail, deterioration 1, low mp 1, wild magic 1
a: Renounce Religion, Receive Corpses, Torment


You were on level 10 of the Dungeon.
You worshipped Kikubaaqudgha.
Kikubaaqudgha was extremely pleased with you.
You visited 1 branch of the dungeon, and saw 10 of its levels.

You collected 449 gold pieces.
You spent 84 gold pieces at shops.

Inventory:

Hand Weapons
 a - a +2 trident of flaming (weapon)
 b - a +4 hunting sling of freezing
 B - a +0 hand crossbow
 F - a +2 dagger of speed
 I - the +6 hunting sling of Autumn {venom, Fragile rElec rCorr Dex-5}
   (You found it on level 10 of the Dungeon)

   It poisons the ammo it fires.
   It affects your dexterity (-5).
   It insulates you from electricity.
   It protects you from acid and corrosion.
   It will be destroyed if unequipped.
 J - a +2 dagger of distortion
Missiles
 d - 32 poisoned darts
 h - 365 stones
 i - 107 arrows
 k - 5 boomerangs
 n - 6 javelins
 r - 70 sling bullets
 N - 7 curare-tipped darts
Armour
 g - a +2 cloak (worn)
 o - a +0 ring mail (worn)
 s - a +0 helmet (worn)
 u - a +0 plate armour
 v - a +2 buckler (worn)
 E - a +0 chain mail
 O - a +0 pair of boots (worn)
Jewellery
 e - a ring of willpower
 l - the ring of Ownuil (left hand) {Int+2 Dex+4 Slay+4 Stlth+, =R}
   (You acquired it on level 5 of the Dungeon)

   [ring of slaying]

   It affects your intelligence (+2).
   It affects your dexterity (+4).
   It affects your accuracy and damage with ranged weapons and melee attacks
   (+4).
   It makes you more stealthy.
 M - a +6 ring of dexterity (right hand)
 P - an amulet of the acrobat
Wands
 w - a wand of flame (12)
 L - a wand of digging (4)
Scrolls
 f - a scroll of noise
 j - a scroll of silence
 m - a scroll of torment
 q - 2 scrolls of fear {unknown}
 t - a scroll of immolation {unknown}
 y - a scroll of vulnerability {unknown}
 G - a scroll of amnesia
 H - 4 scrolls of teleportation
Potions
 c - 2 potions of resistance
 p - 2 potions of lignification
 x - a potion of ambrosia {unknown}
 z - a potion of magic
 A - 3 potions of curing
 D - a potion of might {unknown}
 K - a potion of cancellation {unknown}


   Skills:
 + Level 9.8 Fighting
 - Level 0.1(4.3) Axes
 + Level 11.9 Polearms
 - Level 2.0 Slings
 - Level 3.0 Armour
 + Level 10.1 Dodging
 + Level 12.5 Stealth
 - Level 2.4 Shields
 - Level 3.0 Evocations


You had 10 spell levels left.
You didn't know any spells.
Your spell library contained the following spells:

 Spells                   Type           Power      Damage    Failure   Level
 Magic Dart               Conj           0%         1d3       73%         1
 Pain                     Necr           0%         1d4       73%         1
 Blink                    Tloc           N/A        N/A       85%         2
 Call Imp                 Summ           0%         N/A       85%         2
 Corpse Rot               Necr/Air       N/A        N/A       85%         2
 Slow                     Hex            0%         N/A       85%         2
 Sublimation of Blood     Necr           0%         N/A       85%         2
 Conjure Flame            Conj/Fire      0%         6-21      97%         3
 Mephitic Cloud           Conj/Pois/Air  0%         N/A       97%         3
 Vampiric Draining        Necr           0%         2d6       97%         3
 Animate Dead             Necr           0%         N/A       100%        4
 Dispel Undead            Necr           0%         3d6       100%        4
 Borgnjor's Vile Clutch   Necr/Erth      0%         N/A       100%        5
 Excruciating Wounds      Necr           0%         N/A       100%        5
 Death Channel            Necr           0%         N/A       100%        6


Dungeon Overview and Level Annotations

Branches:
Dungeon (10/15)            Temple (0/1) D:4             Orc (0/2) D:9
   Lair: D:8-11

Altars:
Gozag
Kikubaaqudgha
Makhleb
Nemelex Xobeh
Qazlal
Ru
Trog
Wu Jian
Zin
The Shining One
Beogh

Shops:
D:5 (

Annotations:
D:6 1 runed translucent door, Zonian's ghost, novice HOMo
D:7 2 runed translucent doors
D:10 Urug


Innate Abilities, Weirdness & Mutations

((You are quick and stealthy near water. (Stealth+, EV+, Speed+++)))
Your lower body shifts to a powerful aquatic tail in water.
Your body sometimes deteriorates upon taking damage.
Your magical capacity is low. (-10% MP)
Your spells are a little harder to cast, but a little more powerful.


Message History

That's the wrong kind of item! (Use * to select it.) Evoke which item? (* to show all) (? for menu, Esc to quit)
Okay, then.
Your +4 hunting sling of freezing stops glowing.
Your +2 trident of flaming bursts into flame!
a - a +2 trident of flaming (weapon)
Okay, then.
You barely miss Urug.
Urug is heavily wounded.
Urug hits you but does no damage.
You hit Urug but do no damage.
Urug is heavily wounded.
Urug hits you but does no damage.
You hit Urug.
Urug is heavily wounded.
Urug closely misses you.
You hit Urug.
Urug is severely wounded.
You block Urug's attack.
Your shield and ring mail prevent you from hitting Urug.
Urug is severely wounded.
You block Urug's attack.
You hit Urug but do no damage.
Urug is severely wounded.
You block Urug's attack.
You miss Urug.
Urug is severely wounded.
Urug hits you with a +7 long sword of holy wrath!!
You hit Urug.
Urug is severely wounded.
Urug misses you.
You hit Urug. You burn Urug.
Urug is severely wounded.
Urug hits you with a +7 long sword of holy wrath!!
* * * LOW HITPOINT WARNING * * *
You hit Urug. You burn Urug.
Urug is almost dead.
Urug hits you with a +7 long sword of holy wrath!
You die...
Kikubaaqudgha rasps: "You have failed me!
Welcome... death!"

#......# ###. #.##(.##
##..# ###...## ##..##
##....(## ##..##
#.......## ##..##
#.........## ##..##
............### ###..##
.............o.##
##..###
..............@.####.)##
...#.............##).##
..##.......>....)..##
##.....).......##
##............#
##...........#
##..........#
##..........#
#.<..........


You could see Urug (fast).

Vanquished Creatures
  Sonja (D:10)
  An unseen horror (D:9)
  A freezing wraith (D:9)
  Grinder (D:5)
  9 yaks
  Grum (D:9)
  A steam dragon (D:9)
  A water moccasin (D:8)
  Duvessa (D:5)
  4 orc warriors
  A sky beast (D:7)
  3 black bears
  2 wolves (D:9)
  4 ogres
  2 centaurs
  3 kobold brigands
  A bullfrog (D:8)
  2 wyvern zombies (D:8)
  2 scorpions
  Dowan (D:5)
  2 wyvern skeletons (D:6)
  4 killer bees (D:9)
  8 wights
  6 howler monkeys
  4 centaur zombies
  A hound (D:5)
  2 jellies
  4 orc priests
  Natasha (thrice) (D:2)
  5 iguanas
  5 orc wizards
  A hound skeleton (D:4)
  Robin (D:3)
  2 howler monkey zombies
  10 adders
  5 gnolls
  A shadow imp (D:5)
  A white imp (D:7)
  An adder skeleton (D:4)
  A dart slug (D:2)
  25 orcs
  5 bats
  4 endoplasms
  3 giant cockroaches (D:4)
  18 goblins
  10 hobgoblins
  10 jackals
  5 quokkas
  8 ball pythons
  6 frilled lizards
  A jackal zombie (D:1)
  15 kobolds
  A quokka skeleton (D:2)
  A quokka zombie (D:1)
  5 rats
226 creatures vanquished.

Notes
Turn   | Place    | Note
-------+----------+-------------------------------------------
     0 | D:1      | dolemite99 the Merfolk Monk began the quest for the Orb.
     0 | D:1      | Reached XP level 1. HP: 18/18 MP: 1/1
   617 | D:1      | Reached skill level 5 in Polearms
   617 | D:1      | Reached XP level 2. HP: 23/24 MP: 2/2
  1046 | D:1      | Reached XP level 3. HP: 21/29 MP: 3/3
  1331 | D:1      | Found a faded altar of an unknown god.
  1398 | D:1      | Became a worshipper of Kikubaaqudgha
  1398 | D:1      | Reached * piety under Kikubaaqudgha
  1398 | D:1      | Identified Kikubaaqudgha's Handbook of Stolen Souls
                  | (Kikubaaqudgha gifted it to you on level 1 of the Dungeon)
  1398 | D:1      | Received a gift from Kikubaaqudgha
  1398 | D:1      | Reached ** piety under Kikubaaqudgha
  1908 | D:2      | Noticed Natasha
  1922 | D:2      | Killed Natasha
  1923 | D:2      | Reached XP level 4. HP: 20/37 MP: 4/4
  2404 | D:2      | Reached *** piety under Kikubaaqudgha
  2404 | D:2      | Identified Kikubaaqudgha's Disquisition on Evil
                  | (Kikubaaqudgha gifted it to you on level 2 of the Dungeon)
  2404 | D:2      | Received a gift from Kikubaaqudgha
  2460 | D:2      | Found a sacrificial altar of Ru.
  2638 | D:2      | Noticed Natasha
  2657 | D:2      | Killed Natasha
  2677 | D:2      | Noticed Natasha
  2698 | D:2      | Killed Natasha
  2699 | D:2      | Reached XP level 5. HP: 19/43 MP: 5/5
  3804 | D:3      | Found a sparkling altar of Nemelex Xobeh.
  4043 | D:3      | Reached skill level 1 in Slings
  4327 | D:3      | Found a glowing silver altar of Zin.
  4530 | D:3      | Reached XP level 6. HP: 49/49 MP: 6/6
  4660 | D:3      | Noticed Robin
  4689 | D:3      | Killed Robin
  4845 | D:3      | Reached **** piety under Kikubaaqudgha
  5297 | D:4      | Found a staircase to the Ecumenical Temple.
  5362 | D:4      | Reached skill level 1 in Evocations
  5494 | D:4      | Reached XP level 7. HP: 14/55 MP: 7/7
  6230 | D:4      | Reached skill level 1 in Shields
  6533 | D:4      | Found a sacrificial altar of Ru.
  6561 | D:5      | Entered Level 5 of the Dungeon
  6575 | D:5      | Noticed Grinder
  6576 | D:5      | Paralysed by Grinder for 7 turns
  6595 | D:5      | Killed Grinder
  6884 | D:5      | Found Jifoa's Antique Weapon Emporium.
  6903 | D:5      | Bought a trident for 84 gold pieces
  6941 | D:5      | Reached skill level 5 in Fighting
  6957 | D:5      | Noticed Dowan
  6957 | D:5      | Noticed Duvessa
  6994 | D:5      | Gained mutation: Your body sometimes deteriorates upon
                  | taking damage. [potion of mutation]
  6994 | D:5      | Gained mutation: Your magical capacity is low. (-10% MP)
                  | [potion of mutation]
  6994 | D:5      | Gained mutation: Your spells are a little harder to cast,
                  | but a little more powerful. [potion of mutation]
  7502 | D:5      | Identified 2 scrolls of acquirement
  7502 | D:5      | Acquired the ring of Ownuil {Int+2 Dex+4 Slay+4 Stlth+}
  7522 | D:5      | Reached skill level 5 in Dodging
  7522 | D:5      | Reached XP level 8. HP: 53/62 MP: 7/7
  7809 | D:5      | Killed Duvessa
  7819 | D:5      | Killed Dowan
  7820 | D:5      | Reached skill level 10 in Polearms
  8209 | D:5      | Found a bloodstained altar of Trog.
  8865 | D:6      | Reached XP level 9. HP: 21/71 MP: 8/8
  9221 | D:6      | Reached skill level 1 in Armour
  9426 | D:6      | Found a runed translucent door.
  9426 | D:6      | Noticed Zonian's ghost (novice HOMo)
  9567 | D:6      | Found an opulent altar of Gozag.
 10136 | D:7      | Acquired a manual of Stealth
 10226 | D:7      | Reached skill level 3 in Stealth
 10473 | D:7      | Reached skill level 4 in Stealth
 10642 | D:7      | Reached skill level 5 in Stealth
 10836 | D:7      | Reached skill level 6 in Stealth
 11085 | D:7      | Found a large runed translucent door.
 11088 | D:7      | Found a large runed translucent door.
 11176 | D:7      | Reached skill level 7 in Stealth
 12218 | D:8      | Reached skill level 8 in Stealth
 12481 | D:8      | Reached XP level 10. HP: 79/79 MP: 9/9
 12505 | D:8      | Found an ornate altar of the Wu Jian Council.
 12548 | D:8      | Reached skill level 9 in Stealth
 13296 | D:8      | Found a stormy altar of Qazlal.
 13425 | D:9      | Reached skill level 10 in Stealth
 13551 | D:9      | Found a glowing golden altar of the Shining One.
 14031 | D:9      | Reached ***** piety under Kikubaaqudgha
 14177 | D:9      | Reached skill level 11 in Stealth
 14330 | D:9      | Found a staircase to the Orcish Mines.
 14528 | D:9      | Noticed Grum
 14554 | D:9      | Killed Grum
 14704 | D:9      | Found a burning altar of Makhleb.
 14884 | D:9      | Killed an unseen horror
 15731 | D:10     | Entered Level 10 of the Dungeon
 15742 | D:10     | Identified the +6 hunting sling of Autumn {venom, Fragile
                  | rElec rCorr Dex-5}
 15770 | D:10     | Noticed Sonja
 15774 | D:10     | Killed Sonja
 15775 | D:10     | Reached skill level 10 in Dodging
 15775 | D:10     | Reached skill level 12 in Stealth
 15775 | D:10     | Reached XP level 11. HP: 90/90 MP: 9/9
 16220 | D:10     | Noticed Urug
 16246 | D:10     | Slain by Urug

Illustrated notes

Levels and vault maps discovered:
D:1:      saegor_arrival_fortress, layout_basic,
          hellmonk_ecumenical_altar_arch_garden, serial_forest,
          infiniplex_forest_straight_2, infiniplex_forest_clump_small,
          infiniplex_forest_corner_1, infiniplex_forest_straight_2,
          infiniplex_forest_clump_tiny, infiniplex_forest_lined_room_3
D:2:      layout_basic, basic_altar, uniq_natasha
D:3:      layout_loops_ring, lemuel_round_altar, nicolae_overflow_hidden_temple,
          minmay_misc_feat_encased, kennysheep_small_spiral,
          saegor_snake_ambush, uniq_robin
D:4:      layout_basic, general_overflow_altar, temple_fountains
D:5:      layout_loops_cross, kennysheep_mini, serial_shops, shop, nrook_uturn,
          uniq_duvessa, uniq_grinder
D:6:      layout_loops_ring, grunt_gozag_statues, ebering_ghost_reflecting_pool
D:7:      layout_gridville, jmf_multi_god_temple2, minmay_misc_feat_rugged
D:8:      layout_gridville, lemuel_doored_altar, kennysheep_mini_moat,
          nicolae_straight_to_the_point
D:9:      layout_basic, lemuel_round_altar, overflow_temple_1_default,
          minmay_orc_entry_temple_small, enter_bailey_2, uniq_grum
D:10:     layout_cave_pods, nzn_hepliaklqana_mist_gate, uniq_urug, uniq_sonja

Skill      XL: |  1  2  3  4  5  6  7  8  9 10 |
---------------+-------------------------------+-----
Polearms       | 5 6 7 8 9 11 | 11.9
Fighting       | 4 5 6 7 9 |  9.8
Slings         | 1 2 |  2.0
Evocations     | 2 3 |  3.0
Shields        | 2 |  2.4
Dodging        | 5 6 7 10 | 10.1
Armour         | 3 |  3.0
Stealth        | 8 12 | 12.5
Axes           | |  0.1

Action                   |  1- 3 |  4- 6 |  7- 9 | 10-12 || total
-------------------------+-------+-------+-------+-------++-------
Melee: Spear             |   105 |   223 |    52 |       ||   380
       Trident           |       |       |   117 |    77 ||   194
 Fire: Hunting sling     |       |    95 |   176 |   166 ||   437
Throw: Stone             |     4 |     8 |       |       ||    12
       Javelin           |       |    12 |    16 |       ||    28
Evoke: Wand              |       |       |     7 |     9 ||    16
  Use: Potion            |       |     2 |     8 |       ||    10
       Scroll            |       |     3 |     7 |     6 ||    16
 Stab: Sleeping          |     1 |       |       |       ||     1
       Paralysed         |       |       |    16 |     1 ||    17
Armor: Robe              |    12 |    13 |       |       ||    25
       Ring mail         |       |    43 |    51 |    28 ||   122
       Chain mail        |       |       |     7 |       ||     7
Dodge: Dodged            |    43 |   117 |    80 |    73 ||   313
Block: Buckler           |       |    10 |    53 |    36 ||    99

Table legend: (Time is in decaauts)
 A = Elapsed time spent in this place.
 B = Non-inter-level travel time spent in this place.
 C = Inter-level travel time spent in this place.
 D = Time resting spent in this place.
 E = Time spent auto-exploring this place.
 F = Levels seen in this place.
 G = Mean time per level.
                   A        B        C        D        E       F      G
               +--------+--------+--------+--------+--------+-----+--------+
         Total |  16106 |  15273 |    833 |   5861 |   6999 |  10 | 1610.6 |
       Dungeon |  16106 |  15273 |    833 |   5861 |   6999 |  10 | 1610.6 |
               +--------+--------+--------+--------+--------+-----+--------+

Top non-repeatable levels by time:
     D:5: 2120 daAuts
     D:2: 2086 daAuts
     D:9: 1997 daAuts
     D:7: 1940 daAuts
     D:1: 1869 daAuts
     D:6: 1501 daAuts
     D:8: 1397 daAuts
     D:4: 1354 daAuts
     D:3: 1321 daAuts
    D:10: 517 daAuts
